 Dungeon Crawl Stone Soup version 0.29.1-15-g9cfb28693d (webtiles) character file.

Game seed: 14700364812326301978

236 H0rd4k the Charlatan (level 6, 0/41 HPs)
             Began as an Octopode Artificer on Mar 1, 2023.
             Slain by an orc wizard
             ... wielding a +0 dagger
              (2 damage)
             ... on level 4 of the Dungeon.
             The game lasted 00:01:48 (3023 turns).

H0rd4k the Charlatan (Octopode Artificer)           Turns: 3023, Time: 00:01:48

Health: 0/41       AC:  1    Str: 11    XL:     6   Next: 6%
Magic:  9/9        EV: 13    Int: 21    God:
Gold:   152        SH:  0    Dex: 13    Spells: 9/9 levels left

rFire   . . .      SeeInvis .     - Unarmed
rCold   . . .      Faith    +   (no shield)
rNeg    . . .      Spirit   .   (helmet restricted)
rPois   .          Reflect  .   r - amulet of faith
rElec   .          Harm     .   a - +6 ring of intelligence
rCorr   .          Rampage  .   (no ring)
Will    .....                   (no ring)
Stlth   +++.......              (no ring)
HPRegen 0.13/turn               (no ring)
MPRegen 0.11/turn               (no ring)
                                (no ring)
                                (no ring)

@: no status effects
A: almost no armour, amphibious, 8 rings, camouflage 1, gelatinous body 1,
(nimble swimmer 1), tentacles
a: no special abilities


You were on level 4 of the Dungeon.
You visited 1 branch of the dungeon, and saw 4 of its levels.

You collected 152 gold pieces.

Inventory:

Missiles
 m - 4 poisoned darts
Jewellery
 a - a +6 ring of intelligence (left tentacle)
 r - an amulet of faith (around mantle)
Wands
 b - a wand of flame (11) (quivered)
 c - a wand of charming (20)
 d - a wand of iceblast (4)
Scrolls
 e - a scroll of summoning {unknown}
 f - a scroll of identify {unknown}
 g - 2 scrolls of amnesia {unknown}
 j - 2 scrolls of silence {unknown}
 k - a scroll of blinking {unknown}
 l - a scroll of magic mapping {unknown}
 p - a scroll of noise {unknown}
 q - a scroll of teleportation {unknown}
Potions
 h - 3 potions of mutation {unknown}
 i - a potion of brilliance {unknown}
 n - 2 potions of heal wounds {unknown}
 o - a potion of curing {unknown}
 s - a potion of degeneration {unknown}


   Skills:
 * Level 2.7 Fighting
 - Level 2.3 Dodging
 - Level 1.3 Stealth
 + Level 2.6 Unarmed Combat
 * Level 2.1 Spellcasting
 + Level 4.8 Evocations


You had 9 spell levels left.
You didn't know any spells.
Your spell library contained the following spells:

 Spells                   Type           Power      Damage    Failure   Level
 Apportation              Tloc           4%         N/A       14%         1
 Beastly Appendage        Tmut           4%         N/A       14%         1
 Necrotise                Necr           8%         1d4       14%         1
 Shock                    Conj/Air       8%         1d3       14%         1
 Wereblood                Tmut           2%         N/A       22%         2
 Spider Form              Tmut/Pois      2%         N/A       41%         3
 Vampiric Draining        Necr           2%         2d6       41%         3
 Iskenderun's Mystic Bla  Conj/Tloc      2%         2d3       82%         4
 Agony                    Necr           2%         N/A       99%         5
 Alistair's Intoxication  Tmut/Pois      1%         N/A       99%         5
 Orb of Destruction       Conj           1%         9d5       100%        7


Dungeon Overview and Level Annotations

Branches:
Dungeon (4/15)
 Temple: D:4-7

Altars:


Innate Abilities, Weirdness & Mutations

You cannot wear most types of armour.
You are amphibious.
You can wear up to eight rings at the same time.
Your skin changes colour to match your surroundings (Stealth+).
Your rubbery body absorbs attacks. (AC +1, EV +1)
((You are camouflaged when in or above water. (Stealth+)))
You have tentacles for arms and can constrict up to eight enemies at once.


Message History

The orc wizard is severely wounded.
You constrict the orc wizard.
The orc wizard gestures at you while chanting.
You are confused.
You release your grip on the orc wizard.
The orc wizard closely misses you.
You bump into the rock wall.
The orc wizard hits you with a +0 dagger.
You bump into the rock wall.
The orc wizard hits you with a +0 dagger.
You miss the orc wizard.
The orc wizard is almost dead.
The orc wizard mumbles some strange words.
The orc wizard flickers and vanishes!
Deactivating autopickup; reactivate with Ctrl-A.
You bump into the rock wall.
You feel less confused.
You hear some strange, mumbled words.
A puff of flame appears from out of thin air!
The puff of flame hits you!
You completely miss something. Something hits you.
You miss something. Your squeeze misses something.
You hear some strange, mumbled words.
A magic dart appears from out of thin air!
The magic dart hits you.
* * * LOW HITPOINT WARNING * * *
Aiming: Throw Flame
Press: ? - help, Shift-Dir - straight line Something hits you.
* * * LOW HITPOINT WARNING * * *
Unknown command.
Aiming: Throw Flame
Press: ? - help, Shift-Dir - straight line Something hits you.
* * * LOW HITPOINT WARNING * * *
Unknown command.
Aiming: Throw Flame
Press: ? - help, Shift-Dir - straight line Something hits you.
You die...

#.# #.# #.# ####
#.# #.. ##.##
#.#####...######
#).†.......†...#
#){####...####.#
#.@# ##.## #.# #.†#
#.# #.# #..#
#.#####.#### #..#
#.........#.
#..###########.....
#$....###.<.####.#.
#.###.##.###.###.##
#.###.##.#.......#
#......†.....######


There were no monsters in sight!

Vanquished Creatures
  A necrophage (D:4)
  A scorpion (D:4)
  Robin (D:2)
  3 adders (D:3)
  2 worms (D:4)
  2 dart slugs (D:1)
  2 orcs (D:4)
  2 ball pythons
  2 bats
  3 endoplasms (D:2)
  2 giant cockroaches
  11 goblins
  8 hobgoblins
  2 jackals (D:1)
  3 kobolds
  A quokka (D:4)
  3 frilled lizards
49 creatures vanquished.

Vanquished Creatures (collateral kills)
  2 gnolls (D:2)
  2 goblins (D:2)
4 creatures vanquished.

Vanquished Creatures (others)
  A gnoll (D:2)
  5 plants (D:2)
6 creatures vanquished.

Grand Total: 59 creatures vanquished

Notes
Turn   | Place    | Note
-------+----------+-------------------------------------------
     0 | D:1      | H0rd4k the Octopode Artificer began the quest for the Orb.
     0 | D:1      | Reached XP level 1. HP: 13/13 MP: 1/1
    43 | D:1      | Reached XP level 2. HP: 12/18 MP: 2/2
   768 | D:2      | Reached skill level 1 in Spellcasting
   768 | D:2      | Reached XP level 3. HP: 12/23 MP: 4/4
   772 | D:2      | Reached skill level 4 in Evocations
  1292 | D:2      | Got the Folio of Blows and Bruises
  1792 | D:2      | Reached XP level 4. HP: 29/29 MP: 5/5
  1856 | D:2      | Noticed Robin
  1865 | D:2      | Killed Robin
  1866 | D:2      | Reached skill level 1 in Unarmed Combat
  2949 | D:4      | Reached XP level 5. HP: 34/34 MP: 7/7
  2994 | D:4      | Reached XP level 6. HP: 39/41 MP: 7/9
  3022 | D:4      | HP: 2/41 [something (2)]
  3023 | D:4      | Slain by an orc wizard

Illustrated notes

Levels and vault maps discovered:
D:1:      dpeg_arrival_short_road, layout_rooms,
          nicolae_concentric_dashed_squares_wild, minmay_nonomino_d4
D:2:      layout_basic, roderic_lattice_a, nicolae_grassy_gnolls, uniq_robin
D:3:      layout_basic, serial_bayou_pond_b
D:4:      layout_loops_ring, nicolae_sif_muna_condensation

Skill      XL: |  1  2  3  4  5 |
---------------+----------------+-----
Spellcasting   | 1 2 |  2.1
Evocations     | 4 |  4.8
Fighting       | 2 |  2.7
Unarmed Combat | 1 2 |  2.6
Dodging        | |  2.3
Stealth        | |  1.3

Action                   |  1- 3 |  4- 6 || total
-------------------------+-------+-------++-------
Melee: Unarmed           |    64 |    69 ||   133
       Constrict         |    19 |    19 ||    38
       Tentacles         |    19 |    19 ||    38
       Punch             |     1 |       ||     1
Evoke: Wand              |     2 |     4 ||     6
 Stab: Sleeping          |     7 |     4 ||    11
Armor: Skin              |     2 |     4 ||     6
Dodge: Dodged            |    30 |    40 ||    70
